[Event "Titled Tuesday Blitz November 29 Early 2022"]
[White "Rian, Kapriaga"]
[Black "Kuznetsov, Mikhail"]
[WhiteFideId "7103263"]
[BlackFideId "4117190"]
[WhiteElo "2256"]
[BlackElo "1981"]
[Result "1-0"]
[Round "09"]
[TimeControl "180+1"]
[Date "2022.11.30"]
[WhiteClock "0:00:10"]
[BlackClock "0:00:07"]

1. d4 Nf6 2. Nf3 g6 3. Bg5 Ne4 4. Bh4 Bg7 5. Nbd2 d5 6. e3 O-O 7. Bd3 c5 8. c3 Bf5 9. Be2 Nxd2 10. Qxd2 Nd7 11. O-O cxd4 12. exd4 Bf6 13. Rfe1 Bg4 14. Bg5 Bxf3 15. Bxf3 Bxg5 16. Qxg5 e6 17. Qf4 b5 18. a3 Nb6 19. h4 Qb8 20. Qf6 Nd7 21. Qg5 Qd8 22. Qf4 Qf6 23. Qg4 h5 24. Qg3 Rfc8 25. Bxh5 Nf8 26. Bf3 a5 27. Re5 b4 28. axb4 axb4 29. Rxa8 Rxa8 30. h5 bxc3 31. bxc3 Ra1+ 32. Kh2 Rc1 33. hxg6 Nxg6 34. Bh5 Kg7 35. Bxg6 fxg6 36. Re3 Qf5 37. Qc7+ Kh6 38. Rh3+ Kg5 39. Qe7+ Qf6 40. Rg3+ Kf5 41. Rf3+ Ke4 42. Qxf6 Rh1+ 43. Kxh1 g5 44. Qg6# 1-0


[Site "https://www.chess.com"]

[Event "Titled Tuesday Blitz November 29 Early 2022"]
[White "Ronka, Erik"]
[Black "Costachi, Mihnea"]
[WhiteFideId "505080"]
[BlackFideId "1217518"]
[WhiteElo "2264"]
[BlackElo "2424"]
[Result "0-1"]
[Round "09"]
[TimeControl "180+1"]
[Date "2022.11.30"]
[WhiteClock "0:00:11"]
[BlackClock "0:00:46"]

1. e4 e5 2. f4 Bc5 3. Nf3 d6 4. Bc4 Nf6 5. d3 Nc6 6. Nc3 Be6 7. Bb5 O-O 8. Bxc6 bxc6 9. f5 Bc8 10. Qe2 Rb8 11. b3 d5 12. Na4 Bb4+ 13. Bd2 Ba6 14. Bxb4 Rxb4 15. Nc5 dxe4 16. Nxa6 exf3 17. Qe3 fxg2 18. Rg1 Ng4 19. Qg3 Qd4 20. O-O-O Qf4+ 21. Qxf4 Rxf4 22. Rxg2 Ne3 23. Rdg1 Nxg2 24. Rxg2 Rc8 25. Nc5 Rxf5 26. Kd2 h5 27. Ke3 Rf4 28. a3 a5 29. c3 Rh4 30. b4 axb4 31. cxb4 Ra8 32. Ra2 Rxb4 33. Rc2 Rxa3 34. Ne4 Rd4 35. Nf2 Rd6 36. Rb2 f5 37. Rb7 e4 38. Rxc7 g5 39. h4 Rdxd3+ 40. Ke2 Ra2+ 41. Kf1 Rf3 42. Kg1 Rfxf2 43. hxg5 Rfc2 44. Kh1 Rc1# 0-1


[Site "https://www.chess.com"]

[Event "Titled Tuesday Blitz November 29 Early 2022"]
[White "Roque Sola, Gisela"]
[Black "Estrada Nieto, Julian"]
[WhiteFideId "5120241"]
[BlackFideId "5101018"]
[WhiteElo "1961"]
[BlackElo "2221"]
[Result "1-0"]
[Round "09"]
[TimeControl "180+1"]
[Date "2022.11.30"]
[WhiteClock "0:01:03"]
[BlackClock "0:00:09"]

1. e4 e5 2. Nf3 Nc6 3. Bb5 a6 4. Ba4 Nf6 5. O-O Be7 6. Re1 b5 7. Bb3 d6 8. c3 O-O 9. h3 Bb7 10. d3 Nb8 11. Nbd2 Nbd7 12. Nf1 h6 13. Ng3 Re8 14. Nf5 Bf8 15. a4 Nc5 16. Bc2 bxa4 17. Be3 d5 18. Bxc5 Bxc5 19. Bxa4 Re6 20. exd5 Nxd5 21. d4 exd4 22. N3xd4 Rxe1+ 23. Qxe1 Nf4 24. Bc6 Bxc6 25. Nxc6 Qg5 26. Nce7+ Kh7 27. Qe4 Qxg2+ 28. Qxg2 Nxg2 29. Kxg2 g6 30. b4 Bb6 31. Nd4 Re8 32. Nec6 Ra8 33. Kf3 Kg7 34. Na5 Kf6 35. Nc4 Bxd4 36. cxd4 Ke6 37. Ke4 f5+ 38. Kd3 g5 39. Ne5 f4 40. f3 Kf5 41. Ra5 Ke6 42. Ke4 Rb8 43. Rxa6+ Rb6 44. Rxb6+ cxb6 45. d5+ Kd6 46. Nf7+ Ke7 47. Nxh6 Kf6 48. Ng4+ Kg6 49. Ke5 Kh5 50. d6 Kh4 51. d7 Kxh3 52. d8=Q Kg3 53. Qxg5 Kxf3 54. Qxf4+ Kg2 55. Ne3+ Kg1 56. Qg3+ 1-0


[Site "https://www.chess.com"]

[Event "Titled Tuesday Blitz November 29 Early 2022"]
[White "Rose, Felix"]
[Black "Gjestemoen-VonHirsch, Andre"]
[WhiteFideId "5105722"]
[BlackFideId "1539531"]
[WhiteElo "2039"]
[BlackElo "2198"]
[Result "1-0"]
[Round "09"]
[TimeControl "180+1"]
[Date "2022.11.30"]
[WhiteClock "0:00:51"]
[BlackClock "0:00:15"]

1. e4 g6 2. d4 Bg7 3. Nf3 c5 4. dxc5 Qa5+ 5. c3 Qxc5 6. Na3 Nf6 7. Nb5 O-O 8. Be3 Qh5 9. Nc7 Nxe4 10. Nxa8 Nxc3 11. bxc3 Bxc3+ 12. Bd2 Bxa1 13. Qxa1 Nc6 14. Be2 d5 15. O-O Bg4 16. Nc7 d4 17. h3 Bxf3 18. Bxf3 Qe5 19. Nd5 Rd8 20. Re1 Qd6 21. Bf4 e5 22. Bg5 Rf8 23. Nf6+ Kg7 24. Bxc6 bxc6 25. Ng4 f6 26. Bh6+ Kf7 27. Bxf8 Kxf8 1-0


[Site "https://www.chess.com"]

[Event "Titled Tuesday Blitz November 29 Early 2022"]
[White "Rosen, Eric"]
[Black "Shipov, Sergei"]
[WhiteFideId "2032562"]
[BlackFideId "4113624"]
[WhiteElo "2362"]
[BlackElo "2811"]
[Result "1-0"]
[Round "09"]
[TimeControl "180+1"]
[Date "2022.11.29"]
[WhiteClock "0:00:04"]
[BlackClock "0:00:15"]

1. d4 d5 2. Bf4 Nf6 3. e3 c5 4. Nf3 Nc6 5. Nbd2 Nh5 6. dxc5 Nxf4 7. exf4 g6 8. c3 Bg7 9. Bd3 O-O 10. O-O Qc7 11. g3 Nb8 12. b4 Bxc3 13. Rb1 a5 14. a3 axb4 15. axb4 Bh3 16. Re1 Bg4 17. Be2 Nc6 18. Ne5 Bxe2 19. Qxe2 Ra2 20. Nxc6 bxc6 21. Red1 Rb8 22. Qd3 Bxb4 23. Nb3 e5 24. fxe5 Qxe5 25. Nd4 Bxc5 26. Nxc6 Qf6 27. Rxb8+ Kg7 28. Rf1 Bxf2+ 29. Kh1 Qxc6 30. Qf3 Qf6 31. Qxf6+ Kxf6 32. Kg2 1-0


[Site "https://www.chess.com"]

[Event "Titled Tuesday Blitz November 29 Early 2022"]
[White "Sadubayev, Airat"]
[Black "Gorodetzky, David"]
[WhiteFideId "13713264"]
[BlackFideId "2813416"]
[WhiteElo "2160"]
[BlackElo "2497"]
[Result "1-0"]
[Round "09"]
[TimeControl "180+1"]
[Date "2022.11.29"]
[WhiteClock "0:00:05"]
[BlackClock "0:00:02"]

1. d4 Nf6 2. c4 e6 3. Nf3 d5 4. g3 dxc4 5. Bg2 a6 6. Ne5 c5 7. O-O cxd4 8. Nd2 Bc5 9. Ndxc4 O-O 10. a3 Nbd7 11. b4 Be7 12. Bb2 Nxe5 13. Nxe5 a5 14. b5 Bc5 15. Rc1 Qe7 16. a4 Rd8 17. Qc2 Bb6 18. Rfd1 Bd7 19. Bxb7 Rab8 20. Bg2 Be8 21. Qb3 h6 22. Ba3 Qa7 23. Nc4 Bc5 24. Bxc5 Qxc5 25. Nxa5 Qh5 26. Qf3 Qg5 27. Nb7 Rd5 28. h4 Qe5 29. Qf4 Qxf4 30. gxf4 Rxb7 31. Bxd5 Nxd5 32. Rxd4 Kf8 33. Rc8 Ke7 34. e3 Bd7 35. Rc1 f5 36. Kf1 Kd6 37. Ke1 Rb8 38. f3 Ke7 39. Kd2 Ra8 40. Rg1 Kf6 41. Rc1 Ke7 42. Rc5 Nb6 43. Rc7 Kd8 44. Rb7 Nd5 45. e4 fxe4 46. fxe4 Nf6 47. Ke3 Kc8 48. Rb6 Kc7 49. Rbd6 Bc8 50. Rc6+ Kb7 51. Rdc4 e5 52. Rc7+ Kb6 53. fxe5 Ng4+ 54. Kf4 g5+ 55. hxg5 hxg5+ 56. Kxg5 Be6 57. R4c6+ Ka5 58. Rxe6 Ne3 59. Ra6+ 1-0


[Site "https://www.chess.com"]

[Event "Titled Tuesday Blitz November 29 Early 2022"]
[White "Sadykov, Ramil"]
[Black "Osinovsky, Stepan"]
[WhiteFideId "24113590"]
[BlackFideId "4157354"]
[WhiteElo "2245"]
[BlackElo "2222"]
[Result "1-0"]
[Round "09"]
[TimeControl "180+1"]
[Date "2022.11.30"]
[WhiteClock "0:01:51"]
[BlackClock "0:00:01"]

1. e4 e6 2. d3 d5 3. Nd2 Ne7 4. g3 b6 5. Bg2 Bb7 6. Ngf3 Nbc6 7. O-O Qd7 8. Re1 O-O-O 9. e5 h5 10. h4 Nf5 11. c3 Kb8 12. d4 f6 13. Qe2 fxe5 14. Nxe5 Nxe5 15. Qxe5 Bd6 16. Qe2 g5 17. Nf3 gxh4 18. gxh4 Rhg8 19. Qxe6 Qg7 20. Bg5 Bc8 21. Qf6 1-0


[Site "https://www.chess.com"]

[Event "Titled Tuesday Blitz November 29 Early 2022"]
[White "Sai Han Thiha"]
[Black "Putnam, Liam"]
[WhiteFideId "13012290"]
[BlackFideId "30938279"]
[WhiteElo "2023"]
[BlackElo "2082"]
[Result "0-1"]
[Round "09"]
[TimeControl "180+1"]
[Date "2022.11.30"]
[WhiteClock "0:00:02"]
[BlackClock "0:01:36"]

1. d4 g6 2. e4 Bg7 3. Nf3 d6 4. Nc3 a6 5. a4 Nf6 6. Be2 O-O 7. O-O Nc6 8. Bg5 h6 9. Bh4 Bg4 10. d5 Bxf3 11. Bxf3 Ne5 12. Be2 g5 13. Bg3 Ng6 14. Qd2 c6 15. f4 gxf4 16. Bxf4 Nxf4 17. Qxf4 Qb6+ 18. Kh1 Qxb2 19. Qd2 Nxd5 20. Nxd5 cxd5 21. Qxd5 Qxc2 22. Ra2 Qc6 23. Qf5 Qc5 24. Qf3 Kh8 25. Rd2 Qc3 26. Rd3 Qc2 27. Rd5 Qxa4 28. e5 dxe5 29. Qf5 e6 30. Qh5 exd5 0-1


[Site "https://www.chess.com"]

[Event "Titled Tuesday Blitz November 29 Early 2022"]
[White "Salinas Herrera, Pablo"]
[Black "Rangel, Daniel"]
[WhiteFideId "3407128"]
[BlackFideId "2124475"]
[WhiteElo "2557"]
[BlackElo "2225"]
[Result "1-0"]
[Round "09"]
[TimeControl "180+1"]
[Date "2022.11.30"]
[WhiteClock "0:01:11"]
[BlackClock "0:00:10"]

1. d4 d5 2. c4 c6 3. Nf3 Nf6 4. Nbd2 e6 5. Qc2 Nbd7 6. g3 Be7 7. Bg2 O-O 8. O-O b5 9. b3 Bb7 10. e4 bxc4 11. bxc4 dxe4 12. Nxe4 Nxe4 13. Qxe4 Nf6 14. Qe2 c5 15. Rb1 Be4 16. Rb3 cxd4 17. Rd1 Rb8 18. Rxd4 Bxf3 19. Rxd8 Bxe2 20. Rdxb8 Bxc4 21. Rxf8+ Bxf8 22. Rb8 Nd7 23. Rd8 Bb5 24. Bf1 Ba4 25. Ba3 f6 26. Ra8 Bc6 27. Rxa7 Kf7 28. Bxf8 Kxf8 29. a4 Ke7 30. a5 Kd6 31. a6 Nc5 32. Rxg7 h5 33. a7 Ne4 34. Bg2 f5 35. Bxe4 fxe4 36. Rg8 e3 37. fxe3 1-0


[Site "https://www.chess.com"]

[Event "Titled Tuesday Blitz November 29 Early 2022"]
[White "Salman, Pavel"]
[Black "Drozdowski, Kacper"]
[WhiteFideId "24153753"]
[BlackFideId "1136720"]
[WhiteElo "2187"]
[BlackElo "2485"]
[Result "1/2-1/2"]
[Round "09"]
[TimeControl "180+1"]
[Date "2022.11.30"]
[WhiteClock "0:00:16"]
[BlackClock "0:00:31"]

1. Nf3 d5 2. g3 c6 3. Bg2 Bg4 4. O-O Nd7 5. h3 Bxf3 6. Bxf3 e5 7. d3 Ngf6 8. e4 dxe4 9. dxe4 Bc5 10. Nd2 a5 11. Nb3 Bb6 12. a4 Qc7 13. Qe2 Nc5 14. Nd2 Ne6 15. c3 O-O 16. Nc4 Rad8 17. Nxb6 Qxb6 18. Be3 Qc7 19. Rfd1 h6 20. h4 Rd7 21. Bg4 Nxg4 22. Qxg4 Kh8 23. Rxd7 Qxd7 24. Rd1 Qe7 25. Qf5 f6 26. Bb6 Ra8 27. Kh2 Kg8 28. f4 exf4 29. gxf4 Qf7 30. Rg1 Nf8 31. Bd4 Nd7 32. Rg6 Re8 33. h5 b6 34. b4 axb4 35. cxb4 c5 36. bxc5 bxc5 37. Bc3 Qe6 38. Qxe6+ Rxe6 39. e5 Nf8 40. Rg1 Kf7 41. exf6 gxf6 42. a5 Ra6 43. Rd1 Ne6 44. f5 Nd4 45. Bxd4 cxd4 46. Rxd4 Rxa5 47. Rf4 Ra3 48. Kg2 Ke7 49. Rg4 Kd6 50. Re4 Kd5 51. Re6 Rb3 52. Rxf6 Ke5 53. Rxh6 Kxf5 54. Ra6 Kg5 55. h6 Rb8 56. Kg3 Rh8 57. Kf3 Rxh6 58. Rxh6 Kxh6 1/2-1/2


[Site "https://www.chess.com"]

[Event "Titled Tuesday Blitz November 29 Early 2022"]
[White "Sanchez, Robert"]
[Black "Amin-Erdene, Bayanmunkh"]
[WhiteFideId "2034360"]
[BlackFideId "4903161"]
[WhiteElo "2328"]
[BlackElo "1447"]
[Result "1-0"]
[Round "09"]
[TimeControl "180+1"]
[Date "2022.11.30"]
[WhiteClock "0:00:51"]
[BlackClock "0:00:04"]

1. e4 d6 2. d4 Nf6 3. Nc3 g6 4. Be3 Bg7 5. f3 c6 6. Qd2 h5 7. O-O-O b5 8. Kb1 Nbd7 9. e5 Ng8 10. e6 fxe6 11. Bd3 Nf8 12. Nh3 Nf6 13. Ne4 Nd5 14. Neg5 Nxe3 15. Qxe3 Bf6 16. f4 Qb6 17. Be2 Bd7 18. Ne4 O-O-O 19. Nhg5 Rg8 20. Nxf6 exf6 21. Ne4 Kc7 22. Nxf6 Rg7 23. Ne4 Rf7 24. g3 Bc8 25. Rhe1 Kb8 26. Bf3 a5 27. Rc1 Ra7 28. c4 b4 29. c5 dxc5 30. Nxc5 a4 31. Rc4 a3 32. Qb3 Ka8 33. Rxb4 Qc7 34. Bxc6+ Bb7 35. Bxb7+ Rxb7 36. Rxb7 Qa5 37. Rb4 Nd7 38. Ra4 Nxc5 39. Rxa5+ 1-0


[Site "https://www.chess.com"]

[Event "Titled Tuesday Blitz November 29 Early 2022"]
[White "Santos Ruiz, Miguel"]
[Black "Radjabov, Teimour"]
[WhiteFideId "22291482"]
[BlackFideId "13400924"]
[WhiteElo "2866"]
[BlackElo "3089"]
[Result "1-0"]
[Round "09"]
[TimeControl "180+1"]
[Date "2022.11.29"]
[WhiteClock "0:00:03"]
[BlackClock "0:00:02"]

1. e4 c5 2. Nf3 Nc6 3. Bb5 g6 4. Bxc6 dxc6 5. d3 Bg7 6. O-O Nf6 7. Re1 O-O 8. h3 Re8 9. e5 Nd5 10. b3 h6 11. Bb2 Bf5 12. Nbd2 b6 13. Ne4 Qc7 14. Ng3 Be6 15. Qd2 Rad8 16. Re4 f5 17. exf6 exf6 18. Rae1 Qf7 19. R4e2 g5 20. Nh5 Bh8 21. Nh2 Bd7 22. Rxe8+ Rxe8 23. Ng3 Rxe1+ 24. Qxe1 h5 25. Ne4 Nf4 26. Nf3 Bg7 27. Kf1 Be6 28. Qe3 Nd5 29. Qe1 Nf4 30. Qe3 h4 31. c4 Bd7 32. d4 cxd4 33. Qxd4 Nh5 34. Nd6 Qe7 35. Ne4 Qf7 36. Qd6 Qe6 37. Qb8+ Qe8 38. Qxe8+ Bxe8 39. Nd6 Bg6 40. c5 b5 41. Nc8 1-0


[Site "https://www.chess.com"]

[Event "Titled Tuesday Blitz November 29 Early 2022"]
[White "Sarana, Alexey"]
[Black "Fedoseev, Vladimir"]
[WhiteFideId "24133795"]
[BlackFideId "24130737"]
[WhiteElo "3017"]
[BlackElo "3033"]
[Result "0-1"]
[Round "09"]
[TimeControl "180+1"]
[Date "2022.11.29"]
[WhiteClock "0:00:16"]
[BlackClock "0:01:30"]

1. d4 Nf6 2. c4 g6 3. Nc3 d5 4. Nf3 Bg7 5. h4 c6 6. cxd5 cxd5 7. Bf4 Nc6 8. e3 Bg4 9. Be2 O-O 10. Qb3 Na5 11. Qb4 a6 12. O-O Rc8 13. Rac1 b5 14. a4 Nc6 15. Qb3 b4 16. Nb1 Qb6 17. Nbd2 Na5 18. Qa2 Ne4 19. Rxc8 Rxc8 20. Nxe4 dxe4 21. Ng5 b3 22. Qa3 Bxe2 23. Qxe7 Qb7 24. Qxb7 Nxb7 25. Ra1 Bd3 26. a5 h6 27. Nh3 Rc2 28. Ra4 Rxb2 29. Rb4 Nxa5 30. Rb8+ Kh7 31. d5 Rd2 32. Bc7 Rd1+ 33. Kh2 b2 0-1


[Site "https://www.chess.com"]

[Event "Titled Tuesday Blitz November 29 Early 2022"]
[White "Schut, Han"]
[Black "Rosenberg, Evan S"]
[WhiteFideId "1005561"]
[BlackFideId "2019299"]
[WhiteElo "2024"]
[BlackElo "2398"]
[Result "1-0"]
[Round "09"]
[TimeControl "180+1"]
[Date "2022.11.30"]
[WhiteClock "0:00:46"]
[BlackClock "0:00:03"]

1. e4 e5 2. Nf3 Nc6 3. Bc4 Nf6 4. d4 Nxe4 5. dxe5 Qe7 6. O-O Nxe5 7. Nxe5 Qxe5 8. Re1 Bd6 9. g3 O-O 10. Bd5 Nxf2 11. Kxf2 Qf6+ 12. Qf3 Qd4+ 13. Kg2 c6 14. Bb3 b5 15. c3 Qc5 16. Nd2 Bb7 17. Ne4 Qe5 18. Bf4 1-0


[Site "https://www.chess.com"]

[Event "Titled Tuesday Blitz November 29 Early 2022"]
[White "Sellitti, Federico"]
[Black "Urazayev, Arystanbek"]
[WhiteFideId "821829"]
[BlackFideId "13709810"]
[WhiteElo "2616"]
[BlackElo "2441"]
[Result "0-1"]
[Round "09"]
[TimeControl "180+1"]
[Date "2022.11.30"]
[WhiteClock "0:00:01"]
[BlackClock "0:00:06"]

1. e4 e5 2. Nc3 Nf6 3. f4 d5 4. fxe5 Nxe4 5. Qf3 Nxc3 6. dxc3 Qh4+ 7. g3 Qe4+ 8. Qxe4 dxe4 9. Bg2 Bf5 10. Ne2 Nd7 11. Nd4 Bg6 12. Bf4 O-O-O 13. O-O-O Be7 14. Bh3 Bh5 15. e6 Nc5 16. exf7+ Kb8 17. Rde1 Bxf7 18. Nb5 Bd6 19. Nxd6 cxd6 20. Bf5 g6 21. Bh3 Rhe8 22. Bg5 Rc8 23. Bxc8 Kxc8 24. Rhf1 Bc4 25. Rf6 Kd7 26. b3 Be6 27. Be3 Ke7 28. Rf2 Nd7 29. Rf4 d5 30. c4 g5 31. Rf2 h6 32. cxd5 Bxd5 33. c4 Bc6 34. Rd1 b6 35. Rf5 Ke6 36. g4 Ne5 37. h3 Nd3+ 38. Kc2 Bd7 39. Rdf1 Kd6 40. Rf6+ Kc7 41. Rxh6 Ne5 42. Bxg5 Nf3 43. Bf4+ Kb7 44. Rd6 Bc6 45. Rfd1 e3 46. Bxe3 Rxe3 47. R6d3 Be4 48. Kc3 Re2 49. Rd4 a5 0-1


[Site "https://www.chess.com"]

[Event "Titled Tuesday Blitz November 29 Early 2022"]
[White "Sengupta, Deep"]
[Black "Herman, Daniel"]
[WhiteFideId "5008352"]
[BlackFideId "30935008"]
[WhiteElo "2397"]
[BlackElo "1897"]
[Result "1-0"]
[Round "09"]
[TimeControl "180+1"]
[Date "2022.11.30"]
[WhiteClock "0:00:18"]
[BlackClock "0:00:07"]

1. Nf3 Nf6 2. c4 e6 3. e3 d5 4. Nc3 Bd6 5. b3 O-O 6. Bb2 c5 7. cxd5 exd5 8. d4 Nc6 9. Be2 Bf5 10. O-O Re8 11. dxc5 Bxc5 12. Nb5 Rc8 13. a3 a6 14. Nbd4 Bg6 15. b4 Ba7 16. Rc1 Qd6 17. Nxc6 Rxc6 18. Rxc6 Qxc6 19. Ne5 Qd6 20. Nxg6 hxg6 21. Bf3 Rc8 22. Qd3 Bb8 23. g3 Qe6 24. Rd1 Be5 25. Bxe5 Qxe5 26. Bxd5 Rc3 27. Qd4 Qxd5 28. Qxd5 Nxd5 29. Rxd5 Rxa3 30. Rd8+ Kh7 31. Rd7 b5 32. Rxf7 Ra4 33. Ra7 Rxb4 34. Rxa6 Rb1+ 35. Kg2 b4 36. Rb6 b3 37. h4 Kh6 38. Kf3 Kh7 39. Kg4 Rf1 40. f3 Rb1 41. e4 Rb2 42. f4 Rb1 43. e5 Kh6 44. Rb8 Kh7 45. Kh3 Rb2 46. Kg4 Rb1 47. Kf3 Rf1+ 48. Ke2 Rb1 49. e6 b2 50. e7 Rh1 51. Rxb2 Rh2+ 52. Kf3 Rxb2 53. e8=Q Rb5 54. Kg4 Rf5 55. Qe4 Rh5 56. Kh3 Rf5 57. g4 Ra5 58. h5 Ra6 59. Kh4 Kh6 60. g5+ Kh7 61. hxg6+ Rxg6 62. Kh5 Kg8 63. Qxg6 Kf8 64. f5 Kg8 65. f6 Kf8 66. Qxg7+ Ke8 67. Qe7# 1-0


[Site "https://www.chess.com"]

[Event "Titled Tuesday Blitz November 29 Early 2022"]
[White "Sharifov, Mekhriddin"]
[Black "Kosakowski, Jakub"]
[WhiteFideId "14701545"]
[BlackFideId "1185080"]
[WhiteElo "2109"]
[BlackElo "2463"]
[Result "0-1"]
[Round "09"]
[TimeControl "180+1"]
[Date "2022.11.30"]
[WhiteClock "0:00:03"]
[BlackClock "0:00:05"]

1. e4 c5 2. Nf3 d6 3. d4 cxd4 4. Nxd4 Nf6 5. Nc3 a6 6. Bg5 e6 7. f4 h6 8. Bh4 Qb6 9. a3 Nbd7 10. Bf2 Qc7 11. Qf3 b5 12. O-O-O Bb7 13. Bd3 Be7 14. Rhe1 Nc5 15. Kb1 Rc8 16. Qg3 g5 17. fxg5 hxg5 18. h3 Nh5 19. Qg4 Nf4 20. g3 Ng6 21. h4 Ne5 22. Qe2 gxh4 23. gxh4 Bxh4 24. Bxh4 Rxh4 25. Qg2 Rg4 26. Qh3 Ke7 27. Rf1 Rcg8 28. Qh5 Ncxd3 29. cxd3 Qb6 30. Nf3 Nxf3 31. Rxf3 f5 32. Rff1 f4 33. e5 R4g5 34. Qh4 b4 35. axb4 Qxb4 36. Rxf4 Qc5 37. exd6+ Kxd6 38. Rc4 Qe5 39. Ne4+ Bxe4 40. dxe4+ Ke7 41. Rdc1 Kf6 42. Rc5 Qg3 43. Qh6+ R5g6 44. Rf1+ Ke7 45. Qh7+ R8g7 46. Qh8 Qd3+ 47. Ka2 Qxf1 48. Rc7+ Kd6 49. Qd8+ Ke5 50. Rc5+ Kxe4 51. Qa8+ Ke3 52. Rc3+ Kd2 53. Qe4 Rg3 54. Qc2+ Ke1 55. Qc1+ Kf2 56. Qd2+ Kg1 57. Rc1 Qxc1 58. Qxc1+ Kh2 59. Qd2+ Rg2 60. Qf4+ R7g3 61. Qe5 Rf2 62. Qxe6 Rgg2 63. Qe5+ Kh1 64. Ka3 a5 65. Qh5+ Kg1 66. Qc5 Rg3+ 67. b3 Kg2 68. Qxa5 Rff3 69. Qd5 Kh2 70. Ka4 Kh3 71. Qh5+ Kg2 72. Qd5 Rg4+ 73. b4 Kf2 74. Ka5 Ra3+ 75. Kb5 Rag3 76. Qd2+ Kf3 77. Ka6 Rg6+ 78. Ka5 Rg2 79. Qc3+ Ke4 80. b5 Kd5 81. Qd3+ Kc5 82. Qc3+ Kd5 83. Qb3+ Ke5 84. b6 Kd4 85. b7 R2g5+ 86. Ka4 Ra6+ 87. Kb4 Rb6+ 88. Ka4 Rxb3 89. b8=Q Rxb8 90. Ka3 Ra5# 0-1


[Site "https://www.chess.com"]

[Event "Titled Tuesday Blitz November 29 Early 2022"]
[White "Silva, Miguel Antonio Neto"]
[Black "Bogaudinov, Rushan"]
[WhiteFideId "1911929"]
[BlackFideId "4129288"]
[WhiteElo "2223"]
[BlackElo "1997"]
[Result "0-1"]
[Round "09"]
[TimeControl "180+1"]
[Date "2022.11.30"]
[WhiteClock "0:00:19"]
[BlackClock "0:00:33"]

1. c4 Nf6 2. g3 g6 3. Bg2 Bg7 4. Nc3 O-O 5. e4 d6 6. Nge2 e5 7. d3 c5 8. O-O Nc6 9. h3 Nd4 10. Be3 a6 11. f4 Rb8 12. fxe5 dxe5 13. Nd5 Nxd5 14. cxd5 b5 15. Rc1 Qd6 16. Qd2 Bd7 17. Nxd4 cxd4 18. Bh6 Rbc8 19. Bxg7 Kxg7 20. Kh2 b4 21. Rxc8 Rxc8 22. Rc1 Rxc1 23. Qxc1 Bb5 24. Bf1 h5 25. h4 Qf6 26. Kg2 Qd6 27. Be2 a5 28. Qc8 Bd7 29. Qc1 a4 30. Qc4 f5 31. Bf3 a3 32. b3 Kf6 33. Qc1 f4 34. gxf4 exf4 35. Qc4 Ke5 36. Qc1 Kf6 37. Qc4 Ke5 38. Qc1 g5 39. hxg5 Qg6 40. Qc7+ Qd6 41. Qxd6+ Kxd6 42. Bxh5 Ba4 43. Bd1 Bb5 44. Bc2 Ke5 45. Kf3 Be8 46. Bd1 Bh5+ 47. Kf2 Bxd1 48. g6 Kf6 49. d6 Bg4 50. e5+ Kxg6 0-1


[Site "https://www.chess.com"]

[Event "Titled Tuesday Blitz November 29 Early 2022"]
[White "Skliarov, Viktor"]
[Black "Tsatsalashvili, Keti"]
[WhiteFideId "14106736"]
[BlackFideId "13603434"]
[WhiteElo "2284"]
[BlackElo "2220"]
[Result "1-0"]
[Round "09"]
[TimeControl "180+1"]
[Date "2022.11.30"]
[WhiteClock "0:00:06"]
[BlackClock "0:00:05"]

1. e4 c5 2. Nf3 d6 3. d4 cxd4 4. Qxd4 Nc6 5. Bb5 Bd7 6. Bxc6 bxc6 7. c4 e5 8. Qd3 h6 9. O-O Nf6 10. c5 Bg4 11. Nbd2 Qc7 12. cxd6 Qxd6 13. Qe3 Be6 14. b3 Be7 15. Bb2 Nd7 16. Rac1 O-O 17. Nc4 Bxc4 18. Rxc4 Qe6 19. Rfc1 Rfc8 20. h3 f6 21. Nh4 Nb6 22. R4c2 Bf8 23. Nf5 Rc7 24. Qg3 Kh7 25. Qg4 Re8 26. Ne3 Qxg4 27. hxg4 Rec8 28. Bc3 Bc5 29. Bxe5 Bxe3 30. Bxc7 Bxc1 31. Bxb6 axb6 32. Rxc1 c5 33. f3 Rd8 34. Rc2 Rd3 35. Kf2 Kg6 36. Ke2 Rd4 37. Rd2 Rb4 38. Rd7 c4 39. bxc4 Rxc4 40. Ke3 Ra4 41. Rd2 Kf7 42. Kf4 b5 43. Rb2 Kg6 44. Rxb5 Rxa2 45. g3 Ra3 46. Rb7 Kh7 47. e5 fxe5+ 48. Ke4 Ra5 49. Re7 Ra4+ 50. Kxe5 Ra5+ 51. Kf4 Ra4+ 52. Re4 Ra3 53. Rd4 Kg6 54. Ke4 Kh7 55. Rd3 Ra4+ 56. Ke3 Kg6 57. f4 Kh7 58. Kf3 Rb4 59. Re3 Ra4 60. Re6 Ra3+ 61. Re3 Ra4 62. Rb3 Rc4 63. Kg2 Ra4 64. Kh3 Rc4 65. Rb6 Rc2 66. Ra6 Rb2 67. Rd6 Ra2 68. Rd1 Rb2 69. Rh1 Ra2 70. Rh2 Ra1 71. Rf2 Rb1 72. Kg2 Rb3 73. Re2 Ra3 74. Re5 Ra2+ 75. Kh3 Rb2 76. g5 hxg5 77. Rxg5 Ra2 78. Kg4 Ra3 79. Rc5 Rb3 80. Kh4 Ra3 81. g4 Rb3 82. Kg5 Ra3 83. Rc7 Rb3 84. f5 Rb6 85. Kh5 Ra6 86. g5 Kg8 87. Rc8+ Kf7 88. Rc7+ Kf8 89. g6 Ra1 90. Rf7+ Kg8 91. Rb7 Kf8 92. Rb8+ Ke7 93. Rb7+ Kf8 94. Kg4 Rg1+ 95. Kf4 Rf1+ 96. Ke4 Re1+ 97. Kd5 Rd1+ 98. Kc4 Rc1+ 99. Kd3 Rd1+ 100. Ke2 Rd5 101. Rf7+ Kg8 102. Ke3 Ra5 103. Ke4 Ra1 104. Rb7 Re1+ 105. Kf3 Rf1+ 106. Kg4 Rg1+ 107. Kh3 Rh1+ 108. Kg2 Rc1 109. Rb8+ 1-0


[Site "https://www.chess.com"]

[Event "Titled Tuesday Blitz November 29 Early 2022"]
[White "Sokolovsky, Yahli"]
[Black "Berezin, Viktor"]
[WhiteFideId "2820242"]
[BlackFideId "14107872"]
[WhiteElo "2316"]
[BlackElo "2310"]
[Result "1/2-1/2"]
[Round "09"]
[TimeControl "180+1"]
[Date "2022.11.30"]
[WhiteClock "0:00:07"]
[BlackClock "0:00:08"]

1. b3 Nf6 2. Bb2 g6 3. Nf3 Bg7 4. g3 O-O 5. Bg2 d6 6. d4 Nc6 7. d5 Na5 8. O-O c5 9. c4 a6 10. Nc3 Rb8 11. Qd3 Bf5 12. Qd2 b5 13. cxb5 axb5 14. Nh4 Bd7 15. Ne4 Nxe4 16. Bxe4 Qb6 17. Bxg7 Kxg7 18. f4 c4+ 19. e3 b4 20. f5 c3 21. Qf2 Qd8 22. g4 g5 23. f6+ exf6 24. Nf5+ Bxf5 25. Qxf5 Rh8 26. Rf3 Qe7 27. Raf1 Rbe8 28. Bc2 h5 29. Qxf6+ Qxf6 30. Rxf6 Re7 31. Rxd6 Nb7 32. Rdf6 hxg4 33. R6f5 Rh5 34. Rf6 Rd7 35. e4 Nc5 36. R1f5 Rh6 37. Rxh6 Kxh6 38. Kg2 Kg6 39. Kg3 f6 40. Kxg4 Rh7 41. h3 Rh4+ 42. Kg3 Nxe4+ 43. Bxe4 Rxe4 44. Rf2 Rd4 45. Rc2 Rxd5 46. Kf3 Rd3+ 47. Ke4 Rxh3 48. Kd4 g4 49. Kc4 g3 50. Kxb4 Rh2 51. Rxc3 f5 52. Rxg3+ Kf6 53. a4 f4 54. Rg8 Ke5 55. a5 f3 56. Re8+ Kd5 57. Rf8 Ke4 58. Kb5 Rh5+ 59. Kb6 Rf5 60. Re8+ Kf4 61. Re1 f2 62. Rf1 Kf3 63. b4 Rf4 64. b5 Ke2 65. Rxf2+ Kxf2 66. a6 Ke3 67. a7 Rf8 68. Ka6 Kd4 69. b6 Kc5 70. b7 Rf6+ 71. Ka5 Rf1 72. Ka4 Kc4 73. Ka3 Kc3 74. Ka2 Rf2+ 75. Ka3 Rf1 76. Ka4 Kc4 77. Ka5 Kc5 78. Ka4 Kc4 1/2-1/2


[Site "https://www.chess.com"]